 Dungeon Crawl Stone Soup version 0.13.2 (webtiles) character file.

1078 sanboga the Shield-Bearer (level 7, -1/60 HPs)
             Began as a Minotaur Fighter on Feb 21, 2017.
             Slain by an orc wizard
             ... wielding a -1,+2 orcish flail
              (8 damage)
             ... on Level 6 of the Dungeon.
             The game lasted 00:22:47 (5094 turns).

sanboga the Shield-Bearer (Minotaur Fighter)        Turns: 5094, Time: 00:22:48

HP  -1/60        AC 12     Str 21      XL: 7   Next: 52%
MP   2/2         EV  7     Int  5      God:
Gold 309         SH 21     Dex 11      Spells:  0 memorised,  6 levels left

Res.Fire  : . . .   See Invis. : .   a - +0,+1 hand axe (curse) {=f}
Res.Cold  : . . .   Warding    : .   b - +0 scale mail (curse)
Life Prot.: . . .   Conserve   : .   c - +0 shield (curse)
Res.Poison: .       Res.Corr.  : .   (helmet restricted)
Res.Elec. : .       Clarity    : .   j - +2 elf cloak
Sust.Abil.: . .     Spirit.Shd : .   t - +0 pair of gauntlets (curse)
Res.Mut.  : .       Rnd.Telep. : +   (no boots)
Res.Rott. : .       Flight     : .   (no amulet)
Saprovore : . . .                    (no ring)
                                     n - cursed ring of teleportation

@: slightly resistant to hostile enchantments, extremely unstealthy
A: retaliatory headbutt, horns 2
a: Evoke Teleportation


You were on level 6 of the Dungeon.
You were very hungry.

You visited 1 branch of the dungeon, and saw 6 of its levels.

You collected 289 gold pieces.

Inventory:

Hand weapons
 a - a cursed +0,+1 hand axe (weapon) {=f}
 m - a +0,+0 spear (quivered)
Armour
 b - a cursed +0 scale mail (worn)
 c - a cursed +0 shield (worn)
 j - a +2 elven cloak (worn)
 t - a cursed +0 pair of gauntlets (worn)
 x - the +5 ring mail "Gugou" {Dex+3 Int+3, unknown}
   (You found it on level 5 of the Dungeon)

   It affects your intelligence (+3).
   It affects your dexterity (+3).
Magical devices
 o - a wand of magic darts (17)
 q - a wand of slowing (15)
Comestibles
 d - 3 bread rations
 g - 2 meat rations
Jewellery
 f - a +1 ring of strength
 n - a cursed ring of teleportation (left hand)
 w - an uncursed ring of protection from fire {unknown}
Potions
 e - 2 potions of flight {unknown}
 i - 5 potions of heal wounds {unknown}
 k - a potion of might {unknown}
 l - 3 potions of agility {unknown}
 p - 3 potions of curing {unknown}
 r - a potion of brilliance {unknown}
 s - a potion of restore abilities {unknown}
 u - a potion of confusion {unknown}
 v - a potion of paralysis {unknown}
 z - a potion of invisibility {unknown}
Miscellaneous
 h - a plain deck of summonings {the Crusade}


   Skills:
 + Level 4.7 Fighting
 + Level 4.2 Axes
 + Level 5.9 Armour
 + Level 4.0 Dodging
 + Level 0.8 Stealth
 + Level 6.7 Shields


You had 6 spell levels left.
You didn't know any spells.

Dungeon Overview and Level Annotations

Branches:
Dungeon (6/27)             Temple (0/1) D:6
    Orc: D:6-11

Altars:
Nemelex Xobeh
Xom
Zin
Jiyva


Innate Abilities, Weirdness & Mutations

You reflexively headbutt those who attack you in melee.
You have a pair of horns on your head.


Message History

You hit the orc priest.
You kill the orc priest!
The orc wizard hits you but does no damage.
The orc wizard casts a spell at you. The magic dart hits you!
Items here: %% ))) [[ The orc wizard picks up an orcish hand axe.
The orc wizard unwields an uncursed orcish dagger.
The orc wizard drops an uncursed orcish dagger.
The orc wizard picks up an orcish flail.
The orc wizard wields an orcish flail.
You hit the orc wizard.
The orc wizard is lightly wounded.
You barely miss the orc wizard.
The orc wizard is lightly wounded.
The orc wizard hits you but does no damage.
You hit the orc wizard. You headbutt the orc wizard.
The orc wizard is severely wounded.
The orc wizard hits you with an orcish flail!
You die...

............#
..#.####.####
.........# .##.######
# # # # ##!##. .#.#
......### ....#
.........#######.....#
#....[o@......#
#.####.#######..(..#
#......# ....#
######.# #.## #.# #
#.# #.# #.# #.#


You could see an orc wizard.

Vanquished Creatures
  A sky beast (D:5)
  A centaur (D:5)
  An ogre (D:5)
  2 crimson imps (D:5)
  2 hounds
  2 worker ants
  2 orc priests
  4 orc wizards
  4 gnolls (D:2)
  An adder (D:3)
  An inept item mimic (D:2)
  A worm (D:5)
  4 oozes (D:3)
  22 orcs
  3 ball pythons
  6 bats
  A bat skeleton (D:4)
  A bat zombie (D:4)
  6 goblins
  8 hobgoblins
  7 jackals
  7 kobolds
  3 quokkas
  5 giant cockroaches
  3 giant geckos
  7 giant newts
  A kobold skeleton (D:4)
  5 rats
  A rat skeleton (D:4)
  2 bushes (D:3)
  4 plants (D:3)
118 creatures vanquished.

Notes
Turn   | Place    | Note
--------------------------------------------------------------
     0 | D:1      | sanboga, the Minotaur Fighter, began the quest for the Orb.
     0 | D:1      | Reached XP level 1. HP: 19/19 MP: 0/0
   176 | D:1      | Reached XP level 2. HP: 26/26 MP: 0/0
   658 | D:2      | Reached skill level 4 in Fighting
   878 | D:2      | Reached XP level 3. HP: 33/33 MP: 1/1
  1025 | D:2      | HP: 1/33 [gnoll/spear (4)]
  1026 | D:2      | Reached XP level 4. HP: 1/40 MP: 1/1
  1778 | D:3      | Found a shimmering altar of Xom.
  1778 | D:3      | Noticed an angel
  1781 | D:3      | Found a glowing silver altar of Zin.
  2420 | D:3      | Reached skill level 1 in Dodging
  2894 | D:3      | Found a viscous altar of Jiyva.
  3476 | D:4      | Reached XP level 5. HP: 40/46 MP: 1/1
  3478 | D:4      | Found a sparkling altar of Nemelex Xobeh.
  3496 | D:4      | Reached skill level 5 in Armour
  3496 | D:4      | Reached skill level 5 in Shields
  3898 | D:4      | Reached XP level 6. HP: 53/53 MP: 2/2
  4215 | D:5      | Entered Level 5 of the Dungeon
  4546 | D:5      | Reached skill level 6 in Shields
  4546 | D:5      | Reached XP level 7. HP: 38/60 MP: 2/2
  4560 | D:5      | Got a crude ring mail
  5038 | D:6      | Found a staircase to the Ecumenical Temple.
  5094 | D:6      | Slain by an orc wizard

Action                   |  1- 3 |  4- 6 |  7- 9 || total
-------------------------+-------+-------+-------++-------
Melee: Hand axe          |    70 |   403 |    64 ||   537
  Use: Scroll            |       |    12 |     1 ||    13
